AoeStats
← felizdia1444

MegaRandom

508364850Analyzed
3v3 RM · 9d ago on Sep 22, 2026· 44m 44s· 6 players
Game mode
Random Map
Map size
Normal (6 player)
Population
200
Speed
Normal
Resources
Standard
Victory
Conquest
Starting age
Dark Age
Ending age
Imperial Age
RankedLock teamsTeams togetherTeam positionsShared explorationLock speedFull tech treeHidden civsTurbo modeCheats
Victory
Defeat
🇨🇱 Turks · Chile
597
+16
🇺🇸 Bulgarians · United States
579
+17
🇮🇹 Malay · Italy
544
+18
🇨🇱 Gurjaras · Chile
622
-18
🇨🇱 Goths · Chile
604
-17
🇨🇱 Huns · Chile
562
-21
TheFearlessPupil
8:31 Loom
11:38 Feudal Age
12:13 Double-Bit Axe
13:30 Horse Collar
18:39 Arson
20:48 Gold Mining
23:19 Wheelbarrow
24:09 Forging
23:49 Fletching
23:59 Scale Mail Armor
28:56 Castle Age
30:51 Gold Shaft Mining
30:07 Stone Mining
30:20 Heavy Plow
30:33 Bow Saw
31:01 Iron Casting
30:22 Bodkin Arrow
42:58 Imperial Age
Lamb Of God
11:06 Feudal Age
23:41 Castle Age
23:25 Horse Collar
30:18 Imperial Age
28:36 Double-Bit Axe
29:48 Bow Saw
32:47 Two-Man Saw
32:16 Gold Mining
34:39 Ballistics
35:48 Fortified Wall
37:03 Wheelbarrow
40:44 Heavy Scorpion
mtognol8
0:43 Loom
12:21 Feudal Age
12:25 Double-Bit Axe
13:20 Horse Collar
20:01 Castle Age
22:42 Heavy Plow
27:07 Wheelbarrow
32:27 Imperial Age
29:59 Gold Mining
31:15 Elite Skirmisher
31:24 Man-at-Arms
32:33 Conscription
33:01 Forced Levy
32:49 Long Swordsman
34:28 Forging
35:28 Two-Handed Swordsman
40:15 Iron Casting
felizdia1444
0:35 Loom
17:10 Feudal Age
18:43 Wheelbarrow
17:54 Town Watch
20:25 Fletching
20:36 Padded Archer Armor
20:36 Scale Mail Armor
25:00 Arson
28:20 Castle Age
30:25 Thumb Ring
34:03 Crossbowman
34:07 Pikeman
34:49 Squires
36:29 Elite Skirmisher
khamilo_z
0:54 Loom
15:38 Feudal Age
17:52 Double-Bit Axe
17:50 Horse Collar
18:50 Man-at-Arms
19:16 Arson
21:53 Bloodlines
29:09 Castle Age
29:40 Wheelbarrow
31:09 Husbandry
30:32 Light Cavalry
Darkbrighto
3:06 Loom
14:04 Feudal Age
16:22 Double-Bit Axe
18:10 Horse Collar
26:08 Castle Age
29:05 Wheelbarrow
29:39 Fishing Lines
30:50 Heavy Plow
30:49 Gold Mining
31:02 Squires
31:52 Fletching
31:50 Man-at-Arms
33:18 Forging
33:09 Scale Mail Armor
35:22 Long Swordsman
37:59 Hand Cart
37:31 Town Watch
41:01 Bow Saw
41:51 Town Patrol
Connection lost

Rejoining the realm…

Still unreachable

The connection could not be restored.

Session expired

The server has moved on; the page needs a fresh start.